Panthers vs Sharks

Created - Thursday, November 20, 2014 at 21:29

Goals
1 2 3 T
Panthers 0 0 1 1
Sharks 1 0 1 2
Shots
1 2 3 T
Panthers 9 7 11 27
Sharks 10 9 6 25

1st period

1. Sharks , Brian Gionta 3 (Olli Jokinen, Nathan Gerbe) at 19:42

Penalties :
Alexandre Bolduc (SJ ) for Hooking (Minor) at 10:48, Marco Scandella (Fla) for Interference (Minor) at 17:35

2nd period

No Goal

Penalties :
Dion Phaneuf (SJ ) for Cross-checking (Minor) at 1:27

3rd period

2. Sharks , Mike Green 4 (Brian Gionta) at 2:28
3. Panthers , Jakob Silfverberg 3 (Alex Galchenyuk, Marco Scandella) at 9:19 (PP)

Penalties :
Colin McDonald (Fla) for Diving (Minor) at 5:03, Dion Phaneuf (SJ ) for Tripping (Minor) at 8:53, Henrik Sedin (SJ ) for Tripping (Minor) at 13:28

Goalie Stats

Cal Heeter (Fla), 23 saves from 25 shots - (0.920), L, 3-13-0, 59:14 minutes
Antti Raanta (SJ ), 26 saves from 27 shots - (0.963), W, 3-9-1, 60:00 minutes

Players Stats for Panthers

Player Name              G  A  P  +/- PIM S  H  SB GA TA FO     MP     PP MP  PK MP  
------------------------------------------------------------------------------------
Adam Larsson             0  0  0  -1  0   1  2  0  0  3  0/0    20:58   2:44   2:56 
Alex Galchenyuk          0  1  1   0  0   3  0  0  3  0  1/7    14:20   0:26   0:00 
Brad Boyes               0  0  0  -1  0   1  0  0  4  0  2/11   21:54   2:48   1:43 
Colin McDonald           0  0  0  -1  2   0  2  0  1  0  1/2    11:29   0:00   0:00 
David Booth              0  0  0   0  0   1  1  0  1  1  0/1    13:29   0:37   0:40 
Dustin Penner            0  0  0   0  0   1  2  0  3  0  0/0    17:25   2:57   0:00 
Jack Hillen              0  0  0   0  0   2  1  3  0  1  0/0    22:23   3:38   1:02 
Jake Gardiner            0  0  0   0  0   3  2  1  0  1  0/0    20:44   0:00   0:00 
Jakob Silfverberg        1  0  1   0  0   4  0  0  1  0  1/1    17:25   2:57   0:00 
Joe Colborne             0  0  0   0  0   0  1  0  0  0  1/1    14:42   0:00   1:36 
Jordan Nolan             0  0  0   0  0   0  0  0  0  0  0/0     0:00   0:00   0:00 
Josh Bailey              0  0  0  -1  0   2  1  0  0  0  0/0    17:28   3:25   0:17 
Marco Scandella          0  1  1  -2  2   2  2  0  0  2  0/0    25:59   3:12   1:02 
Mats Zuccarello          0  0  0   0  0   2  1  0  2  0  1/2    18:44   3:25   3:23 
Nino Niederreiter        0  0  0  -1  0   1  1  0  2  0  0/3     9:48   0:00   0:00 
Paul Ranger              0  0  0  -1  0   2  2  1  0  2  0/0    21:33   3:10   2:56 
Shawn Horcoff            0  0  0  -1  0   2  0  2  0  0  2/8    19:06   2:31   0:17 
Simon Despres            0  0  0  -1  0   0  1  1  0  0  0/0     8:28   0:00   0:00 

Players Stats for Sharks

Player Name              G  A  P  +/- PIM S  H  SB GA TA FO     MP     PP MP  PK MP  
------------------------------------------------------------------------------------
Adam Hall                0  0  0   1  0   2  0  1  0  0  6/8    17:19   0:00   1:41 
Alexandre Bolduc         0  0  0   0  2   0  0  1  1  0  1/1    16:18   0:22   0:54 
Andrew Ebbett            0  0  0   0  0   3  1  0  0  0  1/1     8:42   0:00   0:22 
Blake Comeau             0  0  0   0  0   0  1  0  0  0  3/6     8:20   0:00   0:00 
Brian Gionta             1  1  2   2  0   5  1  1  2  0  1/1    16:21   2:18   0:00 
Cory Sarich              0  0  0   0  0   1  0  0  0  1  0/0     5:05   0:00   0:15 
Dion Phaneuf             0  0  0   0  4   4  4  1  1  0  0/0    24:33   2:30   1:34 
Henrik Sedin             0  0  0   0  2   2  0  0  0  0  10/11  21:16   1:40   2:58 
Jay Harrison             0  0  0   2  0   1  4  2  0  4  0/0    22:39   1:28   4:38 
Luke Glendening          0  0  0   0  0   0  0  0  0  0  1/1    14:48   0:00   0:00 
Mark Fistric             0  0  0   0  0   0  1  3  0  2  0/0    17:04   0:00   3:11 
Matt Read                0  0  0   0  0   0  3  1  1  1  0/0    19:37   1:18   5:11 
Mike Green               1  0  1   2  0   2  0  2  3  0  0/0    20:10   1:28   3:06 
Mike Weber               0  0  0   0  0   0  2  0  0  2  0/0    14:06   0:00   0:00 
Nathan Gerbe             0  1  1   2  0   1  0  0  3  0  0/1    15:52   2:18   0:00 
Nicklas Grossmann        0  0  0   0  0   1  0  1  0  0  0/0    16:57   2:30   0:00 
Olli Jokinen             0  1  1   1  0   0  2  0  3  0  3/4    18:41   2:18   0:49 
Rich Peverley            0  0  0   0  0   3  0  0  4  0  1/2    15:41   1:40   0:49 

3 Stars

1 - Brian Gionta (SJ )
2 - Antti Raanta (SJ )
3 - Mike Green (SJ )

Power Play

Panthers - 1 on 4 Attempt(s) - 25.00%
Sharks - 0 on 2 Attempt(s) - 0.00%

Penalty Kill

Panthers - 2 on 2 Attempt(s) - 100.00% - Score 0 goal in Penalty Kill
Sharks - 3 on 4 Attempt(s) - 75.00% - Score 0 goal in Penalty Kill

Official

Referees : Unknown
Linesman : Unknown

Game Notes

Mark Fistric is injured at 15:22 of 3rd period (Sore Left Knee)

Finance

Level 1 -- Attendance: 4806 (80.10%) -- Ticket Income $427,734
Level 2 -- Attendance: 3160 (63.20%) -- Ticket Income $218,040
Level 3 -- Attendance: 1495 (74.75%) -- Ticket Income $52,325
Level 4 -- Attendance: 2381 (59.53%) -- Ticket Income $59,525
Luxury Box -- Attendance: 775 (77.50%) -- Ticket Income $154,225
Game was played at the HP Pavilion
Total Attendance: 12617 (70.09%)
Total Ticket Income: $911,849
Other Income: $446,806
Total Income: $1,358,655

Panthers

5 vs 5 Forward 
   Center                   Left Wing                Right Wing               Time % Phy DF OF 
 1 Brad Boyes               Mats Zuccarello          Josh Bailey              35     1   2  2  
 2 Shawn Horcoff            Dustin Penner            Jakob Silfverberg        30     1   2  2  
 3 Alex Galchenyuk          David Booth              Joe Colborne             22     1   2  2  
 4 Nino Niederreiter        Colin McDonald           Brad Boyes               13     1   2  2  

5 vs 5 Defense 
   Defense                  Defense                                           Time % Phy DF OF 
 1 Marco Scandella          Jack Hillen                                       35     1   2  2  
 2 Jake Gardiner            Paul Ranger                                       30     1   2  2  
 3 Jake Gardiner            Adam Larsson                                      22     1   2  2  
 4 Marco Scandella          Simon Despres                                     13     1   2  2  

PowerPlay Forward 
   Center                   Left Wing                Right Wing               Time % Phy DF OF 
 1 Brad Boyes               Mats Zuccarello          Josh Bailey              60     1   2  2  
 2 Shawn Horcoff            Dustin Penner            Jakob Silfverberg        40     1   2  2  

PowerPlay Defense
   Defense                  Defense                                           Time % Phy DF OF 
 1 Marco Scandella          Jack Hillen                                       60     1   2  2  
 2 Adam Larsson             Paul Ranger                                       40     1   2  2  

Penalty Kill 4 Players Forward 
   Center                   Wing                     Time % Phy DF OF 
 1 Mats Zuccarello          Brad Boyes               60     1   2  2  
 2 Shawn Horcoff            Josh Bailey              40     1   2  2  

Penalty Kill 4 Players Defense
   Defense                  Defense                  Time % Phy DF OF 
 1 Marco Scandella          Jack Hillen              60     1   2  2  
 2 Adam Larsson             Paul Ranger              40     1   2  2  

Penalty Kill - 3 Players Forward 
   Forward                                           Time % Phy DF OF 
 1 Mats Zuccarello                                   60     1   2  2  
 2 Brad Boyes                                        40     1   2  2  

Penalty Kill - 3 Players Defense
   Defense                  Defense                  Time % Phy DF OF 
 1 Marco Scandella          Jack Hillen              60     1   2  2  
 2 Adam Larsson             Paul Ranger              40     1   2  2  

4 vs 4 Forward 
   Center                   Wing                     Time % Phy DF OF 
 1 Mats Zuccarello          Brad Boyes               60     1   2  2  
 2 Shawn Horcoff            Josh Bailey              40     1   2  2  

4 vs 4 Defense
   Defense                  Defense                  Time % Phy DF OF 
 1 Marco Scandella          Adam Larsson             60     1   2  2  
 2 Jack Hillen              Paul Ranger              40     1   2  2  

Last Minutes Offensive
   Center                   Left Wing                Right Wing               Defense                  Defense                  
   Brad Boyes               Mats Zuccarello          Josh Bailey              Marco Scandella          Jack Hillen              

Last Minutes Defensive
   Center                   Left Wing                Right Wing               Defense                  Defense                  
   Brad Boyes               Mats Zuccarello          Josh Bailey              Marco Scandella          Jack Hillen              

Goaltenders
Starting : Cal Heeter               
Backup : Martin Biron             

Extra Forwards
Normal : Alex Galchenyuk, David Booth, Joe Colborne - PP : Alex Galchenyuk, David Booth - PK : Joe Colborne
Extra Defensemen
Normal : Marco Scandella, Adam Larsson, Paul Ranger - PP : Marco Scandella - PK : Adam Larsson, Marco Scandella
Penalty Shots
Mats Zuccarello, Brad Boyes, Shawn Horcoff, Josh Bailey, Dustin Penner

Sharks

5 vs 5 Forward 
   Center                   Left Wing                Right Wing               Time % Phy DF OF 
 1 Henrik Sedin             Matt Read                Rich Peverley            35     1   2  2  
 2 Olli Jokinen             Luke Glendening          Alexandre Bolduc         30     1   2  2  
 3 Adam Hall                Nathan Gerbe             Brian Gionta             22     1   2  2  
 4 Blake Comeau             Andrew Ebbett            Henrik Sedin             13     1   2  2  

5 vs 5 Defense 
   Defense                  Defense                                           Time % Phy DF OF 
 1 Dion Phaneuf             Nicklas Grossmann                                 35     1   2  2  
 2 Mike Green               Jay Harrison                                      30     1   2  2  
 3 Mark Fistric             Mike Weber                                        22     1   2  2  
 4 Dion Phaneuf             Cory Sarich                                       13     1   2  2  

PowerPlay Forward 
   Center                   Left Wing                Right Wing               Time % Phy DF OF 
 1 Henrik Sedin             Matt Read                Rich Peverley            60     1   2  2  
 2 Olli Jokinen             Brian Gionta             Nathan Gerbe             40     1   2  2  

PowerPlay Defense
   Defense                  Defense                                           Time % Phy DF OF 
 1 Dion Phaneuf             Nicklas Grossmann                                 60     1   2  2  
 2 Mike Green               Jay Harrison                                      40     1   2  2  

Penalty Kill 4 Players Forward 
   Center                   Wing                     Time % Phy DF OF 
 1 Henrik Sedin             Matt Read                60     1   2  2  
 2 Olli Jokinen             Rich Peverley            40     1   2  2  

Penalty Kill 4 Players Defense
   Defense                  Defense                  Time % Phy DF OF 
 1 Dion Phaneuf             Mark Fistric             60     1   2  2  
 2 Mike Green               Jay Harrison             40     1   2  2  

Penalty Kill - 3 Players Forward 
   Forward                                           Time % Phy DF OF 
 1 Henrik Sedin                                      60     1   2  2  
 2 Matt Read                                         40     1   2  2  

Penalty Kill - 3 Players Defense
   Defense                  Defense                  Time % Phy DF OF 
 1 Dion Phaneuf             Mark Fistric             60     1   2  2  
 2 Mike Green               Jay Harrison             40     1   2  2  

4 vs 4 Forward 
   Center                   Wing                     Time % Phy DF OF 
 1 Henrik Sedin             Matt Read                60     1   2  2  
 2 Olli Jokinen             Rich Peverley            40     1   2  2  

4 vs 4 Defense
   Defense                  Defense                  Time % Phy DF OF 
 1 Dion Phaneuf             Nicklas Grossmann        60     1   2  2  
 2 Mike Green               Jay Harrison             40     1   2  2  

Last Minutes Offensive
   Center                   Left Wing                Right Wing               Defense                  Defense                  
   Henrik Sedin             Matt Read                Rich Peverley            Dion Phaneuf             Nicklas Grossmann        

Last Minutes Defensive
   Center                   Left Wing                Right Wing               Defense                  Defense                  
   Henrik Sedin             Matt Read                Rich Peverley            Dion Phaneuf             Nicklas Grossmann        

Goaltenders
Starting : Antti Raanta             
Backup : Viktor Fasth             

Extra Forwards
Normal : Brian Gionta, Nathan Gerbe, Adam Hall - PP : Brian Gionta, Nathan Gerbe - PK : Adam Hall
Extra Defensemen
Normal : Mark Fistric, Dion Phaneuf, Mike Green - PP : Mark Fistric - PK : Jay Harrison, Dion Phaneuf
Penalty Shots
Henrik Sedin, Matt Read, Olli Jokinen, Rich Peverley, Adam Hall

% Time on Ice - Panthers

Lines # - Real PCT - Wanted PCT - Time Play
Normal Forward
1 - 23% - 35% - 11:35
2 - 33% - 30% - 16:18
3 - 24% - 22% - 11:37
4 - 20% - 13% - 9:48
Normal Defense
1 - 34% - 35% - 16:56
2 - 29% - 30% - 14:14
3 - 20% - 22% - 9:40
4 - 17% - 13% - 8:28
PP Forward
1 - 54% - 60% - 3:26
2 - 46% - 40% - 2:57
PP Defense
1 - 57% - 60% - 3:39
2 - 43% - 40% - 2:44
PK Forward
1 - 93% - 60% - 3:41
2 - 7% - 40% - 0:17
PK Defense
1 - 26% - 60% - 1:02
2 - 74% - 40% - 2:56
PK3 Forward
1 - 0% - 60%
2 - 0% - 40%
PK3 Defense
1 - 0% - 60%
2 - 0% - 40%
44 Forward
1 - 0% - 60%
2 - 0% - 40%
44 Defense
1 - 0% - 60%
2 - 0% - 40%
Last Minute Offensive  - 0:21
Last Minute Defensive  - 0:00
Total
Forward - 60:00
Defense - 60:00

% Time on Ice - Sharks

Lines # - Real PCT - Wanted PCT - Time Play
Normal Forward
1 - 26% - 35% - 12:59
2 - 31% - 30% - 15:34
3 - 25% - 22% - 12:37
4 - 17% - 13% - 8:20
Normal Defense
1 - 31% - 35% - 15:25
2 - 32% - 30% - 15:36
3 - 28% - 22% - 14:06
4 - 9% - 13% - 4:23
PP Forward
1 - 42% - 60% - 1:40
2 - 58% - 40% - 2:18
PP Defense
1 - 63% - 60% - 2:30
2 - 37% - 40% - 1:28
PK Forward
1 - 87% - 60% - 5:34
2 - 13% - 40% - 0:49
PK Defense
1 - 51% - 60% - 3:17
2 - 49% - 40% - 3:06
PK3 Forward
1 - 0% - 60%
2 - 0% - 40%
PK3 Defense
1 - 0% - 60%
2 - 0% - 40%
44 Forward
1 - 0% - 60%
2 - 0% - 40%
44 Defense
1 - 0% - 60%
2 - 0% - 40%
Last Minute Offensive  - 0:00
Last Minute Defensive  - 0:09
Total
Forward - 60:00
Defense - 60:00

Play by Play

1st period


0:01 of 1st period - Henrik Sedin wins face-off versus Brad Boyes in neutral zone.
0:28 of 1st period - Snap shot by Henrik Sedin.
0:28 of 1st period - Shot Blocked by Jack Hillen.
0:30 of 1st period - Slapshot by Dion Phaneuf.
0:30 of 1st period - Stopped by Cal Heeter with a rebound.
0:32 of 1st period - Wrist shot by Rich Peverley.
0:32 of 1st period - Stopped by Cal Heeter with a rebound.
0:34 of 1st period - Slapshot by Nicklas Grossmann.
0:34 of 1st period - Stopped by Cal Heeter with a rebound.
0:36 of 1st period - Slapshot by Rich Peverley.
0:36 of 1st period - Stopped by Cal Heeter without a rebound.
0:37 of 1st period - Luke Glendening wins face-off versus Shawn Horcoff in Panthers zone.
0:38 of 1st period - Wrist shot by Olli Jokinen.
0:38 of 1st period - Shot Blocked by Paul Ranger.
0:58 of 1st period - Snap shot by Jakob Silfverberg.
0:58 of 1st period - Stopped by Antti Raanta with a rebound.
1:00 of 1st period - Snap shot by Paul Ranger.
1:00 of 1st period - Stopped by Antti Raanta with a rebound.
1:02 of 1st period - Snap shot by Jake Gardiner.
1:02 of 1st period - Deflect By Dustin Penner.
1:02 of 1st period - Shot Blocked by Alexandre Bolduc.
1:02 of 1st period - Puck is out of play.
1:03 of 1st period - Adam Hall wins face-off versus Alex Galchenyuk in Sharks zone.
1:34 of 1st period - Wrist shot by Brian Gionta.
1:34 of 1st period - Stopped by Cal Heeter with a rebound.
1:36 of 1st period - Snap shot by Nathan Gerbe.
1:36 of 1st period - Deflect By Brian Gionta.
1:36 of 1st period - Stopped by Cal Heeter with a rebound.
1:38 of 1st period - Wrist shot by Adam Hall.
1:38 of 1st period - Stopped by Cal Heeter with a rebound.
1:40 of 1st period - Wrist shot by Adam Hall.
1:40 of 1st period - Shot Blocked by Jake Gardiner.
1:56 of 1st period - Simon Despres is hit by Andrew Ebbett and loses puck.
2:03 of 1st period - Wrist shot by Nino Niederreiter.
2:03 of 1st period - Shot Misses the Net.
2:05 of 1st period - Wrist shot by Jack Hillen.
2:05 of 1st period - Stopped by Antti Raanta with a rebound.
2:07 of 1st period - Slapshot by Jack Hillen.
2:07 of 1st period - Stopped by Antti Raanta with a rebound.
4:14 of 1st period - Wrist shot by Brian Gionta.
4:14 of 1st period - Stopped by Cal Heeter with a rebound.
4:16 of 1st period - Wrist shot by Dion Phaneuf.
4:16 of 1st period - Stopped by Cal Heeter without a rebound.
4:17 of 1st period - Henrik Sedin wins face-off versus Shawn Horcoff in Panthers zone.
4:42 of 1st period - Wrist shot by Shawn Horcoff.
4:42 of 1st period - Stopped by Antti Raanta with a rebound.
5:36 of 1st period - Backhand shot by Josh Bailey.
5:36 of 1st period - Stopped by Antti Raanta without a rebound.
5:37 of 1st period - Joe Colborne wins face-off versus Blake Comeau in Sharks zone.
5:46 of 1st period - Slapshot by Mike Green.
5:46 of 1st period - Shot Blocked by Jack Hillen.
7:36 of 1st period - Jakob Silfverberg is hit by Olli Jokinen and loses puck.
8:03 of 1st period - Snap shot by Matt Read.
8:03 of 1st period - Shot Blocked by Simon Despres.
8:11 of 1st period - Marco Scandella is hit by Dion Phaneuf and loses puck.
10:27 of 1st period - Wrist shot by Brad Boyes.
10:27 of 1st period - Stopped by Antti Raanta with a rebound.
10:48 of 1st period - Minor Penalty to Alexandre Bolduc for Hooking.
10:49 of 1st period - Brad Boyes wins face-off versus Henrik Sedin in Sharks zone.
11:56 of 1st period - Wrist shot by Mats Zuccarello.
11:56 of 1st period - Deflect By Josh Bailey.
11:56 of 1st period - Shot Misses the Net.
11:56 of 1st period - Puck is out of play.
11:57 of 1st period - Henrik Sedin wins face-off versus David Booth in Sharks zone.
12:08 of 1st period - Dion Phaneuf is hit by Jack Hillen and loses puck.
12:21 of 1st period - Snap shot by Jakob Silfverberg.
12:21 of 1st period - Shot Misses the Net.
12:23 of 1st period - Snap shot by Jakob Silfverberg.
12:23 of 1st period - Stopped by Antti Raanta without a rebound.
12:24 of 1st period - Henrik Sedin wins face-off versus Shawn Horcoff in Sharks zone.
12:33 of 1st period - Matt Read is hit by Dustin Penner and loses puck.
12:48 of 1st period - Penalty to Alexandre Bolduc is over, Alexandre Bolduc is back on ice.
13:19 of 1st period - Alex Galchenyuk is hit by Jay Harrison and loses puck.
13:57 of 1st period - Snap shot by Jake Gardiner.
13:57 of 1st period - Stopped by Antti Raanta with a rebound.
13:59 of 1st period - Snap shot by Jake Gardiner.
13:59 of 1st period - Shot Misses the Net.
14:09 of 1st period - Paul Ranger is hit by Jay Harrison and loses puck.
14:45 of 1st period - Blake Comeau is hit by Adam Larsson and loses puck.
14:58 of 1st period - Luke Glendening is hit by Nino Niederreiter and loses puck.
15:08 of 1st period - Mark Fistric is hit by Simon Despres and loses puck.
15:28 of 1st period - Jakob Silfverberg is hit by Mike Weber and loses puck.
17:01 of 1st period - Adam Larsson is hit by Matt Read and loses puck.
17:14 of 1st period - Snap shot by Olli Jokinen.
17:14 of 1st period - Shot Misses the Net.
17:16 of 1st period - Slapshot by Jay Harrison.
17:16 of 1st period - Deflect By Olli Jokinen.
17:16 of 1st period - Shot Misses the Net.
17:16 of 1st period - Puck is out of play.
17:17 of 1st period - Alexandre Bolduc wins face-off versus Colin McDonald in Panthers zone.
17:35 of 1st period - Minor Penalty to Marco Scandella for Interference.
17:36 of 1st period - Olli Jokinen wins face-off versus Mats Zuccarello in Panthers zone.
19:35 of 1st period - Penalty to Marco Scandella is over, Marco Scandella is back on ice.
19:42 of 1st period - Wrist shot by Olli Jokinen.
19:42 of 1st period - Deflect By Brian Gionta.
19:42 of 1st period - Goal by Brian Gionta - Panthers : 0 - Sharks : 1.
19:43 of 1st period - Jakob Silfverberg wins face-off versus Blake Comeau in neutral zone.
19:46 of 1st period - Slapshot by Dustin Penner.
19:46 of 1st period - Shot Blocked by Mark Fistric.
19:48 of 1st period - Snap shot by Shawn Horcoff.
19:48 of 1st period - Shot Misses the Net.
19:58 of 1st period - Shawn Horcoff is hit by Mark Fistric.
Goals for this period are 0 for Panthers vs 1 for Sharks.
Shots for this period are 9 for Panthers vs 10 for Sharks.

2nd period


0:01 of 2nd period - Henrik Sedin wins face-off versus Brad Boyes in neutral zone.
0:22 of 2nd period - Paul Ranger is hit by Matt Read.
0:57 of 2nd period - Wrist shot by Shawn Horcoff.
0:57 of 2nd period - Shot Blocked by Dion Phaneuf.
0:59 of 2nd period - Wrist shot by Marco Scandella.
0:59 of 2nd period - Stopped by Antti Raanta with a rebound.
1:27 of 2nd period - Minor Penalty to Dion Phaneuf for Cross-checking.
1:28 of 2nd period - Henrik Sedin wins face-off versus Brad Boyes in Sharks zone.
1:39 of 2nd period - Snap shot by Josh Bailey.
1:39 of 2nd period - Shot Misses the Net.
3:14 of 2nd period - Wrist shot by Shawn Horcoff.
3:14 of 2nd period - Deflect By Dustin Penner.
3:14 of 2nd period - Stopped by Antti Raanta with a rebound.
3:27 of 2nd period - Penalty to Dion Phaneuf is over, Dion Phaneuf is back on ice.
3:32 of 2nd period - Adam Larsson is hit by Dion Phaneuf and loses puck.
4:02 of 2nd period - Snap shot by Joe Colborne.
4:02 of 2nd period - Shot Misses the Net.
4:04 of 2nd period - Snap shot by David Booth.
4:04 of 2nd period - Stopped by Antti Raanta without a rebound.
4:05 of 2nd period - Adam Hall wins face-off versus Alex Galchenyuk in Sharks zone.
4:10 of 2nd period - Slapshot by Brian Gionta.
4:10 of 2nd period - Shot Misses the Net.
4:18 of 2nd period - Cory Sarich is hit by David Booth and loses puck.
4:23 of 2nd period - Snap shot by Alex Galchenyuk.
4:23 of 2nd period - Shot Blocked by Brian Gionta.
4:25 of 2nd period - Snap shot by Jake Gardiner.
4:25 of 2nd period - Deflect By Alex Galchenyuk.
4:25 of 2nd period - Stopped by Antti Raanta with a rebound.
4:27 of 2nd period - Slapshot by Jake Gardiner.
4:27 of 2nd period - Shot Misses the Net.
4:29 of 2nd period - Slapshot by Adam Larsson.
4:29 of 2nd period - Stopped by Antti Raanta with a rebound.
4:31 of 2nd period - Wrist shot by Joe Colborne.
4:31 of 2nd period - Shot Misses the Net.
4:43 of 2nd period - Backhand shot by Nino Niederreiter.
4:43 of 2nd period - Stopped by Antti Raanta with a rebound.
5:18 of 2nd period - Dion Phaneuf is hit by Josh Bailey and loses puck.
5:35 of 2nd period - Joe Colborne is hit by Blake Comeau and loses puck.
6:49 of 2nd period - Wrist shot by David Booth.
6:49 of 2nd period - Shot Blocked by Jay Harrison.
6:51 of 2nd period - Slapshot by Alex Galchenyuk.
6:51 of 2nd period - Stopped by Antti Raanta without a rebound.
6:52 of 2nd period - Brian Gionta wins face-off versus Alex Galchenyuk in Sharks zone.
7:49 of 2nd period - Snap shot by Henrik Sedin.
7:49 of 2nd period - Shot Misses the Net.
7:57 of 2nd period - Slapshot by Matt Read.
7:57 of 2nd period - Deflect By Rich Peverley.
7:57 of 2nd period - Shot Misses the Net.
7:57 of 2nd period - Puck is out of play.
7:58 of 2nd period - Blake Comeau wins face-off versus Nino Niederreiter in Panthers zone.
8:05 of 2nd period - Snap shot by Blake Comeau.
8:05 of 2nd period - Deflect By Henrik Sedin.
8:05 of 2nd period - Stopped by Cal Heeter with a rebound.
8:07 of 2nd period - Slapshot by Cory Sarich.
8:07 of 2nd period - Stopped by Cal Heeter without a rebound.
8:08 of 2nd period - Andrew Ebbett wins face-off versus Nino Niederreiter in Panthers zone.
8:29 of 2nd period - Snap shot by Andrew Ebbett.
8:29 of 2nd period - Stopped by Cal Heeter with a rebound.
9:24 of 2nd period - Snap shot by Dion Phaneuf.
9:24 of 2nd period - Stopped by Cal Heeter with a rebound.
9:26 of 2nd period - Wrist shot by Dion Phaneuf.
9:26 of 2nd period - Deflect By Alexandre Bolduc.
9:26 of 2nd period - Shot Misses the Net.
9:26 of 2nd period - Puck is out of play.
9:27 of 2nd period - Olli Jokinen wins face-off versus Brad Boyes in Panthers zone.
10:04 of 2nd period - Shawn Horcoff is hit by Dion Phaneuf and loses puck.
10:53 of 2nd period - Marco Scandella is hit by Matt Read and loses puck.
11:44 of 2nd period - Snap shot by Nathan Gerbe.
11:44 of 2nd period - Stopped by Cal Heeter with a rebound.
11:46 of 2nd period - Snap shot by Adam Hall.
11:46 of 2nd period - Shot Misses the Net.
11:48 of 2nd period - Wrist shot by Adam Hall.
11:48 of 2nd period - Stopped by Cal Heeter without a rebound.
11:49 of 2nd period - Shawn Horcoff wins face-off versus Adam Hall in Panthers zone.
12:16 of 2nd period - Snap shot by Rich Peverley.
12:16 of 2nd period - Deflect By Brian Gionta.
12:16 of 2nd period - Stopped by Cal Heeter with a rebound.
13:50 of 2nd period - Adam Hall is hit by Jake Gardiner and loses puck.
14:17 of 2nd period - Cory Sarich is hit by Marco Scandella and loses puck.
15:24 of 2nd period - Simon Despres is hit by Jay Harrison and loses puck.
16:30 of 2nd period - Snap shot by Dion Phaneuf.
16:30 of 2nd period - Shot Blocked by Shawn Horcoff.
17:07 of 2nd period - Adam Hall is hit by Joe Colborne.
17:11 of 2nd period - Jack Hillen is hit by Mike Weber and loses puck.
17:20 of 2nd period - Slapshot by Nathan Gerbe.
17:20 of 2nd period - Shot Blocked by Jack Hillen.
17:34 of 2nd period - Wrist shot by Dion Phaneuf.
17:34 of 2nd period - Shot Misses the Net.
17:36 of 2nd period - Slapshot by Dion Phaneuf.
17:36 of 2nd period - Stopped by Cal Heeter with a rebound.
17:38 of 2nd period - Snap shot by Andrew Ebbett.
17:38 of 2nd period - Stopped by Cal Heeter without a rebound.
17:39 of 2nd period - Blake Comeau wins face-off versus Shawn Horcoff in Panthers zone.
17:54 of 2nd period - Icing by Olli Jokinen.
17:55 of 2nd period - Shawn Horcoff wins face-off versus Olli Jokinen in Sharks zone.
18:18 of 2nd period - Matt Read is hit by Colin McDonald and loses puck.
18:31 of 2nd period - Slapshot by Josh Bailey.
18:31 of 2nd period - Shot Misses the Net.
18:33 of 2nd period - Snap shot by Brad Boyes.
18:33 of 2nd period - Shot Blocked by Mike Green.
Goals for this period are 0 for Panthers vs 0 for Sharks.
Shots for this period are 7 for Panthers vs 9 for Sharks.

3rd period


0:01 of 3rd period - Henrik Sedin wins face-off versus Brad Boyes in neutral zone.
1:20 of 3rd period - Wrist shot by Dustin Penner.
1:20 of 3rd period - Shot Misses the Net.
1:56 of 3rd period - Wrist shot by Alex Galchenyuk.
1:56 of 3rd period - Stopped by Antti Raanta without a rebound.
1:57 of 3rd period - Colin McDonald wins face-off versus Adam Hall in Sharks zone.
1:58 of 3rd period - Wrist shot by Brad Boyes.
1:58 of 3rd period - Shot Blocked by Adam Hall.
2:28 of 3rd period - Slapshot by Mike Green.
2:28 of 3rd period - Goal by Mike Green - Panthers : 0 - Sharks : 2.
2:29 of 3rd period - Henrik Sedin wins face-off versus Shawn Horcoff in neutral zone.
2:50 of 3rd period - Slapshot by Rich Peverley.
2:50 of 3rd period - Stopped by Cal Heeter with a rebound.
2:52 of 3rd period - Wrist shot by Jay Harrison.
2:52 of 3rd period - Stopped by Cal Heeter with a rebound.
2:54 of 3rd period - Slapshot by Jay Harrison.
2:54 of 3rd period - Shot Blocked by Shawn Horcoff.
3:14 of 3rd period - Adam Larsson is hit by Jay Harrison and loses puck.
3:35 of 3rd period - Backhand shot by Josh Bailey.
3:35 of 3rd period - Stopped by Antti Raanta without a rebound.
3:36 of 3rd period - Brad Boyes wins face-off versus Nathan Gerbe in Sharks zone.
3:57 of 3rd period - Snap shot by Brian Gionta.
3:57 of 3rd period - Shot Hit the Post.
4:31 of 3rd period - Alexandre Bolduc is hit by Jake Gardiner and loses puck.
4:45 of 3rd period - Slapshot by Paul Ranger.
4:45 of 3rd period - Deflect By Joe Colborne.
4:45 of 3rd period - Shot Blocked by Mark Fistric.
4:45 of 3rd period - Puck is out of play.
4:46 of 3rd period - Rich Peverley wins face-off versus Brad Boyes in Sharks zone.
4:46 of 3rd period - Rich Peverley is hit by Colin McDonald.
5:03 of 3rd period - Minor Penalty to Colin McDonald for Diving.
5:04 of 3rd period - Mats Zuccarello wins face-off versus Rich Peverley in Panthers zone.
6:19 of 3rd period - Slapshot by Joe Colborne.
6:19 of 3rd period - Shot Misses the Net.
7:03 of 3rd period - Penalty to Colin McDonald is over, Colin McDonald is back on ice.
8:38 of 3rd period - Slapshot by Mike Green.
8:38 of 3rd period - Stopped by Cal Heeter with a rebound.
8:44 of 3rd period - Wrist shot by Andrew Ebbett.
8:44 of 3rd period - Stopped by Cal Heeter without a rebound.
8:45 of 3rd period - Alex Galchenyuk wins face-off versus Blake Comeau in Panthers zone.
8:53 of 3rd period - Minor Penalty to Dion Phaneuf for Tripping.
8:54 of 3rd period - Henrik Sedin wins face-off versus Alex Galchenyuk in Sharks zone.
9:19 of 3rd period - Snap shot by Jakob Silfverberg.
9:19 of 3rd period - Goal by Jakob Silfverberg - Panthers : 1 - Sharks : 2.
9:20 of 3rd period - Adam Hall wins face-off versus Alex Galchenyuk in neutral zone.
9:23 of 3rd period - David Booth is hit by Dion Phaneuf and loses puck.
9:46 of 3rd period - Jack Hillen is hit by Brian Gionta and loses puck.
10:16 of 3rd period - Jack Hillen is hit by Olli Jokinen and loses puck.
10:31 of 3rd period - Mike Green is hit by Mats Zuccarello and loses puck.
11:34 of 3rd period - Snap shot by Nino Niederreiter.
11:34 of 3rd period - Shot Misses the Net.
11:36 of 3rd period - Snap shot by Marco Scandella.
11:36 of 3rd period - Shot Misses the Net.
12:24 of 3rd period - Dion Phaneuf is hit by Paul Ranger and loses puck.
12:41 of 3rd period - Wrist shot by Henrik Sedin.
12:41 of 3rd period - Stopped by Cal Heeter with a rebound.
13:25 of 3rd period - Snap shot by Jake Gardiner.
13:25 of 3rd period - Stopped by Antti Raanta without a rebound.
13:26 of 3rd period - Henrik Sedin wins face-off versus Alex Galchenyuk in Sharks zone.
13:28 of 3rd period - Minor Penalty to Henrik Sedin for Tripping.
13:29 of 3rd period - Adam Hall wins face-off versus Brad Boyes in Sharks zone.
13:39 of 3rd period - Slapshot by Mats Zuccarello.
13:39 of 3rd period - Shot Misses the Net.
15:04 of 3rd period - Mark Fistric is hit by Adam Larsson and loses puck.
15:15 of 3rd period - Mark Fistric is hit by Paul Ranger and loses puck.
15:22 of 3rd period - Slapshot by Mats Zuccarello.
15:22 of 3rd period - Shot Blocked by Mark Fistric.
15:22 of 3rd period - Mark Fistric from Sharks is injured at 15:22 of 3rd period (Sore Left Knee).
15:23 of 3rd period - Adam Hall wins face-off versus Brad Boyes in Sharks zone.
15:28 of 3rd period - Penalty to Henrik Sedin is over, Henrik Sedin is back on ice.
15:46 of 3rd period - Icing by Marco Scandella.
15:47 of 3rd period - Olli Jokinen wins face-off versus Brad Boyes in Panthers zone.
16:02 of 3rd period - Slapshot by Mats Zuccarello.
16:02 of 3rd period - Stopped by Antti Raanta with a rebound.
16:04 of 3rd period - Wrist shot by Jack Hillen.
16:04 of 3rd period - Shot Misses the Net.
16:06 of 3rd period - Snap shot by Mats Zuccarello.
16:06 of 3rd period - Stopped by Antti Raanta with a rebound.
16:08 of 3rd period - Slapshot by Marco Scandella.
16:08 of 3rd period - Shot Hit the Post.
16:29 of 3rd period - Nicklas Grossmann is hit by Marco Scandella and loses puck.
16:34 of 3rd period - Snap shot by Shawn Horcoff.
16:34 of 3rd period - Stopped by Antti Raanta with a rebound.
16:44 of 3rd period - Snap shot by Dustin Penner.
16:44 of 3rd period - Shot Blocked by Nicklas Grossmann.
17:10 of 3rd period - Snap shot by Alex Galchenyuk.
17:10 of 3rd period - Shot Blocked by Jay Harrison.
17:12 of 3rd period - Wrist shot by David Booth.
17:12 of 3rd period - Shot Blocked by Matt Read.
17:14 of 3rd period - Wrist shot by Paul Ranger.
17:14 of 3rd period - Shot Blocked by Mike Green.
17:16 of 3rd period - Slapshot by Alex Galchenyuk.
17:16 of 3rd period - Shot Misses the Net.
17:18 of 3rd period - Slapshot by Paul Ranger.
17:18 of 3rd period - Stopped by Antti Raanta with a rebound.
17:20 of 3rd period - Slapshot by Jake Gardiner.
17:20 of 3rd period - Stopped by Antti Raanta with a rebound.
17:22 of 3rd period - Slapshot by Marco Scandella.
17:22 of 3rd period - Stopped by Antti Raanta with a rebound.
18:24 of 3rd period - Icing by Adam Larsson.
18:25 of 3rd period - Blake Comeau wins face-off versus Nino Niederreiter in Panthers zone.
18:58 of 3rd period - Snap shot by Jakob Silfverberg.
18:58 of 3rd period - Stopped by Antti Raanta without a rebound.
18:59 of 3rd period - Jon Cooper call a timeout for Panthers.
18:59 of 3rd period - Adam Hall wins face-off versus Shawn Horcoff in Sharks zone.
19:11 of 3rd period - Jay Harrison is hit by Dustin Penner and loses puck.
19:14 of 3rd period - Panthers, Cal Heeter is pulled from the net.
Goals for this period are 1 for Panthers vs 1 for Sharks.
Shots for this period are 11 for Panthers vs 6 for Sharks.


Output by the SimonT Hockey Simulator (STHS) for Eric Dolegowski -- Original Page W3C XHTML 1.0 Valid
Hockey Simulator - Hockey Simulation - Hockey Manager